 Dungeon Crawl Stone Soup version bcrawl-1.21 (webtiles) character file.

Game seed: 6551069258030076484

235 Freyura the Twirler (level 5, -1/41 HPs)
             Began as a Demonspawn Gladiator on Feb 9, 2020.
             Slain by an orc
             ... wielding a +0 falchion
              (5 damage)
             ... on level 4 of the Dungeon.
             The game lasted 00:05:10 (3051 turns).

Freyura the Twirler (Demonspawn Gladiator)          Turns: 3051, Time: 00:05:10

Health: -1/41      AC:  8    Str: 14    XL:     5   Next: 76%
Magic:  5/5        EV: 12    Int:  9    God:
Gold:   201        SH:  0    Dex: 16    Spells: 4/4 levels left

rFire    . . .     SeeInvis .   a - +0 quarterstaff
rCold    . . .     Gourm    .   (shield currently unavailable)
rNeg     . . .     Faith    .   i - +0 ring mail
rPois    .         Spirit   .   (helmet restricted)
rElec    .         Reflect  .   (no cloak)
rCorr    .         Harm     .   (no gloves)
MR       .....                  k - +0 pair of boots
Stlth    +.........             j - amulet of magic regeneration
HPRegen  0.13/turn              (no ring)
MPRegen  0.34/turn              (no ring)

@: no status effects
A: antennae 2, thin metallic scales 1, powered by death 1
a: no special abilities


You were on level 4 of the Dungeon.
You were not hungry.

You visited 1 branch of the dungeon, and saw 4 of its levels.

You collected 201 gold pieces.

Inventory:

Hand Weapons
 a - a +0 quarterstaff (weapon)
Missiles
 d - 3 throwing nets (quivered) {!f}
Armour
 g - a +0 chain mail
 i - a +0 ring mail (worn)
 k - a +0 pair of boots (worn)
Jewellery
 j - an amulet of magic regeneration (around neck)
Scrolls
 c - 2 scrolls of teleportation {unknown}
 f - a scroll of immolation
 m - 2 scrolls of identify
 r - 3 scrolls of remove curse
 t - a scroll of blinking {unknown}
Potions
 b - a potion of agility {unknown}
 h - a potion of lignification {unknown}
 l - a potion of degeneration {unknown}
 n - 2 potions of curing
 o - a potion of ambrosia {unknown}
 p - a potion of resistance
 q - a potion of cancellation {unknown}
 s - a potion of haste {unknown}
 u - 2 potions of berserk rage {unknown}
Comestibles
 e - 5 rations {!d}
 v - a chunk of flesh


   Skills:
 + Level 3.2 Fighting
 * Level 4.3 Staves
 - Level 1.7 Throwing
 + Level 2.0 Armour
 + Level 3.6 Dodging


You had 4 spell levels left.
You didn't know any spells.
Your spell library was empty.

Dungeon Overview and Level Annotations

Branches:
Dungeon (4/12)
 Temple: D:4-7

Altars:
Yredelemnul
The Shining One


Innate Abilities, Weirdness & Mutations

You have a pair of antennae on your head.
You are partially covered in thin metallic scales. (AC +2)
You regenerate a little health from kills.


Message History

The orc priest hits you but does no damage.
The orc barely misses you.
The orc priest hits you but does no damage.
The orc hits you with a +0 falchion.
You barely miss the orc priest. The orc priest barely misses you.
The orc barely misses you.
You closely miss the orc priest. The orc priest completely misses you.
The orc hits you but does no damage.
The orc priest calls down the wrath of Beogh upon you.
Pain shoots through your body!
You sock the orc priest!
The orc priest is severely wounded.
The orc barely misses you.
You hit the orc priest but do no damage.
The orc priest is severely wounded.
The orc priest calls down the wrath of Beogh upon you.
Beogh smites you!
* * * LOW HITPOINT WARNING * * *
The orc hits you with a +0 falchion.
You die...

##### #...# ###.# #####
#### #...# #...# #....
#.#.####...###### ......
#>.....'........##.#...
##.######....###......
......###....###..#.#.##.
##.............)@......<.
##.......##.###oo#.#.##.
#.......##....a.# #
#.......###.....#
#.#+##### #(.....#
###.#+## #.....[..
.......# ###'.#.#.#
.......# #.........
.#รท....# #..#......


You could see a worker ant, an orc priest and an orc.

Vanquished Creatures
  A sky beast (D:3)
  A hound (D:4)
  A gnoll (D:1)
  5 adders
  An adder skeleton (D:4)
  A worm (D:2)
  A dart slug (D:4)
  2 leopard geckos (D:2)
  2 orcs
  2 bats (D:1)
  5 giant cockroaches
  9 hobgoblins
  6 quokkas
  3 frilled lizards
  5 goblins
  5 kobolds
  3 rats
53 creatures vanquished.

Notes
Turn   | Place    | Note
-------+----------+-------------------------------------------
     0 | D:1      | Freyura the Demonspawn Gladiator began the quest for the
                  | Orb.
     0 | D:1      | Reached XP level 1. HP: 16/16 MP: 1/1
   458 | D:1      | Reached skill level 3 in Staves
   458 | D:1      | Gained mutation: You are partially covered in thin metallic
                  | scales. (AC +2) [demonic ancestry]
   458 | D:1      | Reached XP level 2. HP: 13/22 MP: 2/2
   755 | D:2      | Reached skill level 1 in Armour
   755 | D:2      | Gained mutation: You have a pair of small antennae on your
                  | head. [demonic ancestry]
   755 | D:2      | Reached XP level 3. HP: 28/28 MP: 3/3
   956 | D:2      | Found a glowing golden altar of the Shining One.
  1144 | D:2      | HP: 1/28 [poisoned by an adder]
  1482 | D:2      | Found a basalt altar of Yredelemnul.
  2161 | D:3      | Gained mutation: You regenerate a little health from kills.
                  | [demonic ancestry]
  2161 | D:3      | Reached XP level 4. HP: 34/34 MP: 4/4
  2437 | D:3      | Noticed a sky beast
  2448 | D:3      | Killed a sky beast
  2448 | D:3      | Reached skill level 4 in Staves
  2448 | D:3      | Gained mutation: You have a pair of antennae on your head.
                  | [demonic ancestry]
  2448 | D:3      | Reached XP level 5. HP: 14/41 MP: 5/5
  3051 | D:4      | Slain by an orc

Skill      XL: |  1  2  3  4  5 |
---------------+----------------+-----
Staves         | 3 4 |  4.3
Armour         | 1 2 |  2.0
Dodging        | 3 |  3.6
Fighting       | 3 |  3.2
Throwing       | |  1.7

Action                   |  1- 3 |  4- 6 || total
-------------------------+-------+-------++-------
Melee: Quarterstaff      |   115 |    74 ||   189
  Use: Scroll            |     6 |       ||     6
  Eat: Chunk             |     3 |     4 ||     7
Armor: Ring mail         |    28 |    25 ||    53
       Leather armour    |     4 |       ||     4
Dodge: Dodged            |    80 |    57 ||   137
